 Dungeon Crawl Stone Soup version 0.29-a0-398-ge13fd1374b (webtiles) character file.

Game seed: 14757055994965263044

325 zeratav the Digger (level 6, 0/36 HPs)
             Began as an Octopode Earth Elementalist on May 12, 2022.
             Slain by an adder (4 damage)
             ... on level 4 of the Dungeon.
             The game lasted 00:06:25 (3920 turns).

zeratav the Digger (Octopode Earth Elementalist)    Turns: 3920, Time: 00:06:26

Health: 0/36       AC:  1    Str:  7    XL:     6   Next: 48%
Magic:  20/20      EV: 13    Int: 26    God:
Gold:   192        SH:  0    Dex: 18    Spells: 8/12 levels left

rFire   . . .      SeeInvis .   o - +0 rapier {short}
rCold   . . .      Faith    .   (no shield)
rNeg    . . .      Spirit   .   (helmet restricted)
rPois   .          Reflect  .   (no amulet)
rElec   .          Harm     .   c - ring of magical power
rCorr   .          Rampage  .   m - +6 ring of intelligence
Will    .....                   n - +6 ring of dexterity
Stlth   +++.......              (no ring)
HPRegen 0.00/turn               (no ring)
MPRegen 0.17/turn               (no ring)
                                (no ring)
                                (no ring)

@: mighty, flying, inhibited regen
A: almost no armour, amphibious, 8 rings, camouflage 1, gelatinous body 1,
(nimble swimmer 1), tentacles, inhibited regeneration, MP-powered wands
a: no special abilities


You were on level 4 of the Dungeon.
You visited 1 branch of the dungeon, and saw 4 of its levels.

You collected 192 gold pieces.


Innate Abilities, Weirdness & Mutations

You cannot wear most types of armour.
You are amphibious.
You can wear up to eight rings at the same time.
Your skin changes colour to match your surroundings (Stealth+).
Your rubbery body absorbs attacks. (AC +1, EV +1)
((You are camouflaged when in or above water. (Stealth+)))
You have tentacles for arms and can constrict up to eight enemies at once.
You do not regenerate when monsters are visible.
You expend magic power (3 MP) to strengthen your wands.


   Skills:
 - Level 2.0 Dodging
 - Level 2.6 Stealth
 + Level 3.7 Spellcasting
 - Level 1.0 Transmutations
 * Level 6.1 Earth Magic


You had 8 spell levels left.
You knew the following spells:

 Your Spells              Type           Power      Damage    Failure   Level
a - Sandblast             Erth           72%        2d16      1%          1
b - Stone Arrow           Conj/Erth      40%        3d9       8%          3

Your spell library contained the following spells:

 Spells                   Type           Power      Damage    Failure   Level
 Passwall                 Tmut/Erth      19%        N/A       3%          2
 Freeze                   Ice            16%        1d4       9%          1
 Petrify                  Tmut/Erth      23%        N/A       21%         4
 Frozen Ramparts          Ice            8%         1d2       26%         3
 Hailstorm                Conj/Ice       4%         3d4       65%         4

Inventory:

Hand Weapons
 o - a +0 rapier (weapon) {short}
   (You found it on level 3 of the Dungeon)
 u - a +2 short sword of holy wrath {short}
   (You took it off a kobold on level 3 of the Dungeon)
Missiles
 a - 129 stones {throwing}
Armour
 r - a +0 hat
   (You found it on level 3 of the Dungeon)
Jewellery
 c - a ring of magical power (left tentacle)
   (You found it on level 1 of the Dungeon)
 m - a +6 ring of intelligence (right tentacle)
   (You found it on level 2 of the Dungeon)
 n - a +6 ring of dexterity (on tentacle)
   (You found it on level 2 of the Dungeon)
Scrolls
 d - 2 scrolls of identify {unknown}
 f - a scroll of poison {unknown}
 i - a scroll of vulnerability {unknown}
 j - a scroll of fear {unknown}
 k - a scroll of acquirement {unknown}
 l - a scroll of silence {unknown}
 q - a scroll of brand weapon {unknown}
 t - a scroll of fog {unknown}
 v - 2 scrolls of enchant weapon {unknown}
 w - a scroll of noise {unknown}
Potions
 b - a potion of magic
 e - a potion of degeneration {unknown}
 g - a potion of invisibility {unknown}
 h - a potion of might

Dungeon Overview and Level Annotations

Branches:
Dungeon (4/15)
 Temple: D:4-7

Altars:
Nemelex Xobeh
Qazlal
Wu Jian
Zin

Shops:
D:3

* #.##.#.≈.≈# ...#
#.##.#.≈≈≈# ####>..#
#)##.#...≈# # #......#.
).##.######..###........
####....................
#######.########........
...............SYK....#
##.###..########S# ...#
#..# #@# ##.###..# #.#
##......## #.#
####.#...#######†# #
#..............#
######...#########
#b≈≈###.## #l≈≈# #.#
#≈..###.#


You could see an ice beast, an adder, a ball python and a kobold.


Message History

You start resting.
A gnoll comes into view. It is wielding a +0 spear.
HP[+1]
Casting: Stone Arrow (dangerous; 8% risk of failure)
Confirm with . or Enter, or press ? or * to list all spells.
Aiming: Stone Arrow (dangerous; 8% risk of failure)
Press: ? - help, Shift-Dir - straight line, f - gnoll
Aim: a gnoll, wielding a +0 spear and quivering stones (wandering, hasn't noticed you, 75% to hit)
The stone arrow hits the gnoll!
You kill the gnoll!
MP[-2]
You lost 2 mp, and now have 7/20 mp.
You start resting.
Your magical contamination has completely faded away.
HP[+3] MP[+3]
Your hp is fully restored (36).
You regained 3 mp, and now have 10/20 mp.
You start resting.
MP[+10]
Your mp is fully restored (20).
Things that are here:
a +0 halberd {polearm}; a gnoll corpse You see here a +0 flail {mace}.
a - 129 stones {throwing} (gained 22)
Things that are here:
a +0 spear {polearm}; a gnoll corpse You see here a +0 flail {mace}.
Things that are here:
a +0 halberd {polearm}; a gnoll corpse You see here a +0 club {mace}.
The frilled lizard hisses angrily.
You now have 192 gold pieces (gained 10).
A hobgoblin comes into view.
The hobgoblin shouts!
You hear an angry hiss. x2
You hit the hobgoblin but do no damage. You grab the hobgoblin.
You constrict the hobgoblin. The hobgoblin misses you.
You hit the hobgoblin. You constrict the hobgoblin.
You kill the hobgoblin!
No target in view!
You see here a hobgoblin corpse.
A ball python comes into view.
A ball python is nearby!
An ice beast comes into view.
Found a stone staircase leading down.
A kobold comes into view.
It is wielding a +4 dagger of protection.
An adder comes into view.
The kobold hits you with a +4 dagger of protection.
HP[-3]
You take 3 damage, and now have 33/36 hp.
You closely miss the kobold.
The adder hisses angrily.
You grab the kobold. You tentacle-slap the kobold.
You constrict the kobold, but do no damage.
The kobold barely misses you.
You hit the kobold but do no damage.
You constrict the kobold, but do no damage.
The kobold barely misses you. The adder bites you.
The kobold hits you with a +4 dagger of protection.
HP[-4]
You take 4 damage, and now have 29/36 hp.
The ball python hisses angrily.
You hit the kobold but do no damage. You constrict the kobold.
The adder bites you. The kobold barely misses you.
HP[-1]
You take 1 damage, and now have 28/36 hp.
You hit the kobold but do no damage.
You constrict the kobold, but do no damage.
The adder barely misses you. The ice beast hits you. The ice beast freezes you!
* * * LOW HITPOINT WARNING * * *
The kobold hits you with a +4 dagger of protection.
* * * LOW HITPOINT WARNING * * *
The adder bites you.
* * * LOW HITPOINT WARNING * * *
You are too injured to fight recklessly!
You are too injured to fight recklessly!
You are too injured to fight recklessly!
HP[-24]
You take 24 damage, and now have 4/36 hp.
MASSIVE DAMAGE!! (PAUSE)
You are too injured to fight recklessly!
You are too injured to fight recklessly!
You are too injured to fight recklessly!
You are too injured to fight recklessly!
You are too injured to fight recklessly!
You are too injured to fight recklessly!
You are too injured to fight recklessly!
You release your grip on the kobold.
Okay, then.
It was a potion of might.
You feel very mighty all of a sudden. The adder bites you but does no damage.
It was a potion of mutation.
You feel extremely strange.
Your regeneration stops near monsters.
You feel your magical essence link to the dungeon's wands.
The adder misses you. The adder barely misses you.
Sorry, you're not good enough to have a special ability.
It was a potion of flight.
You feel very buoyant.
You fly up into the air.
The adder bites you.
You die...

Skill      XL: |  1  2  3  4  5  6 |
---------------+-------------------+-----
Earth Magic    | 4 5 6 |  6.1
Spellcasting   | 3 |  3.7
Dodging        | |  2.0
Stealth        | |  2.6
Transmutations | |  1.0

Action                   |  1- 3 |  4- 6 || total
-------------------------+-------+-------++-------
Melee: Unarmed           |     3 |       ||     3
       Dagger            |    53 |     1 ||    54
       Constrict         |    13 |     3 ||    16
       Tentacles         |    10 |       ||    10
       Punch             |     1 |     1 ||     2
       Rapier            |       |    12 ||    12
 Cast: Sandblast         |    20 |    55 ||    75
       Stone Arrow       |     2 |     4 ||     6
  Use: Potion            |       |     3 ||     3
 Stab: Sleeping          |    11 |     1 ||    12
Armor: Skin              |     5 |     1 ||     6
Dodge: Dodged            |    36 |    26 ||    62

Levels and vault maps discovered:
D:1:      minmay_arrival_cross, layout_loops_ring, serial_bayou,
          serial_bayou_pond_a, serial_bayou_ford_a, serial_bayou_pond_c,
          serial_bayou_shore_a, minmay_tripent
D:2:      layout_basic, minmay_stone_trees_small, st_stairs_12,
          kennysheep_generic_room_15
D:3:      layout_loops_cross, gammafunk_temple_overflow_forgotten,
          nicolae_wu_jian_wuxing_cycle, dilly_ecumenical_altar_fadedgnrine,
          serial_shops, nicolae_shop_overgrown_old_shop,
          minmay_misc_feat_ornament, lexackson_kobold_supper
D:4:      layout_loops_ring, serial_aquarium, aquarium_bridge_square
          [aquarium_subvault_wall, aquarium_subvault_bridge,
          aquarium_subvault_wall, aquarium_subvault_wall],
          aquarium_bridge_long_joined [aquarium_subvault_wall,
          aquarium_subvault_wall, aquarium_subvault_bridge,
          aquarium_subvault_wall, aquarium_subvault_bridge,
          aquarium_subvault_window], aquarium_window_corner,
          aquarium_window_fake, aquarium_view_4, aquarium_balcony_3b,
          aquarium_pool_five, uniq_ijyb, uniq_eustachio

Notes
Turn   | Place    | Note
-------+----------+-------------------------------------------
     0 | D:1      | zeratav the Octopode Earth Elementalist began the quest for
                  | the Orb.
     0 | D:1      | Reached XP level 1. HP: 11/11 MP: 3/3
     0 | D:1      | magus.rc [v1.9.6]
   241 | D:1      | Reached XP level 2. HP: 17/17 MP: 5/5
   873 | D:1      | Reached XP level 3. HP: 21/21 MP: 6/6
  1200 | D:2      | Reached skill level 4 in Earth Magic
  1587 | D:2      | Learned a level 3 spell: Stone Arrow
  1686 | D:2      | Reached XP level 4. HP: 19/27 MP: 0/8
  2462 | D:3      | Found a stormy altar of Qazlal.
  2462 | D:3      | Found a glowing silver altar of Zin.
  2463 | D:3      | Found a sparkling altar of Nemelex Xobeh.
  2608 | D:3      | Reached skill level 3 in Spellcasting
  2608 | D:3      | Reached XP level 5. HP: 30/31 MP: 9/9
  2648 | D:3      | Reached skill level 5 in Earth Magic
  2660 | D:3      | You pick up a book of Frost and begin reading...
  2660 | D:3      | You add the spells Freeze, Frozen Ramparts and Hailstorm to
                  | your library.
  2692 | D:3      | Found Zakudgh Ucawn's Assorted Antiques.
  2909 | D:3      | Found an ornate altar of the Wu Jian Council.
  3168 | D:3      | Found a faded altar of an unknown god.
  3575 | D:4      | Reached XP level 6. HP: 36/36 MP: 11/11
  3753 | D:4      | Reached skill level 6 in Earth Magic
  3911 | D:4      | Noticed an ice beast
  3916 | D:4      | HP: 7/36 [kobold/+4 dagger of protection (4)]
  3919 | D:4      | Gained mutation: You do not regenerate when monsters are
                  | visible. [potion of mutation]
  3919 | D:4      | Gained mutation: You expend magic power (3 MP) to
                  | strengthen your wands. [potion of mutation]
  3920 | D:4      | Slain by an adder

Vanquished Creatures
  A scorpion (D:4)
  2 hounds (D:4)
  An iguana (D:3)
  6 gnolls
  2 adders (D:4)
  2 worms (D:2)
  A dart slug (D:3)
  An orc (D:3)
  5 ball pythons
  4 bats
  9 endoplasms
  2 giant cockroaches
  8 goblins
  5 hobgoblins
  16 jackals
  2 quokkas (D:2)
  2 frilled lizards (D:3)
  14 kobolds
  8 rats
91 creatures vanquished.

Vanquished Creatures (others)
  19 fungi (D:4)
  6 plants (D:3)
25 creatures vanquished.

Grand Total: 116 creatures vanquished

Table legend:
 A = Non-vault XP
 B = Vault XP
 C = Vault XP percentage of total XP
 D = Non-vault monster count
 E = Vault monster count
 F = Vault count percentage of total count
                 A         B        C        D         E       F
            +---------+---------+-------+---------+---------+-------
      Total |     447 |      18 |   3.9 |      79 |      12 |  13.2
            +---------+---------+-------+---------+---------+-------
        D:1 |      34 |       4 |  10.5 |      21 |       2 |   8.7
        D:2 |     104 |       3 |   2.8 |      32 |       2 |   5.9
        D:3 |      47 |      11 |  19.0 |       6 |       8 |  57.1
        D:4 |     262 |       0 |   0.0 |      20 |       0 |   0.0
            +---------+---------+-------+---------+---------+-------

Illustrated notes

Table legend:
 A = Kills in this place as a percentage of kills in entire the game.
 B = Kills by you in this place as a percentage of kills by you in the entire game.
 C = Kills by friends in this place as a percentage of kills by friends in the entire game.
 D = Other kills in this place as a percentage of other kills in the entire game.
 E = Experience gained in this place as a percentage of experience gained in the entire game.
 F = Experience gained in this place divided by the number of levels of this place that you have seen.
                   A       B       C       D       E      F
               +-------+-------+-------+-------+-------+----------------------
         Total | 100.0 | 100.0 |   N/A |   N/A | 100.0 | 116.2
       Dungeon | 100.0 | 100.0 |   N/A |   N/A | 100.0 | 116.2
               +-------+-------+-------+-------+-------+----------------------

Table legend: (Time is in decaauts)
 A = Elapsed time spent in this place.
 B = Non-inter-level travel time spent in this place.
 C = Inter-level travel time spent in this place.
 D = Time resting spent in this place.
 E = Time spent auto-exploring this place.
 F = Levels seen in this place.
 G = Mean time per level.
                   A        B        C        D        E       F      G
               +--------+--------+--------+--------+--------+-----+--------+
         Total |   3919 |   3806 |    113 |    417 |   2863 |   4 |  979.8 |
       Dungeon |   3919 |   3806 |    113 |    417 |   2863 |   4 |  979.8 |
               +--------+--------+--------+--------+--------+-----+--------+

Top non-repeatable levels by time:
     D:2: 1377 daAuts
     D:1: 1031 daAuts
     D:3: 837 daAuts
     D:4: 673 daAuts
